 Dungeon Crawl Stone Soup version 0.19.0-2-gae57169 (webtiles) character file.

120885 xeno23 the Scorcher (level 16, -4/103 HPs)
             Began as a Deep Elf Fire Elementalist on Nov 5, 2016.
             Was the Champion of Vehumet.
             Slain by a wolf spider (6 damage)
             ... on level 1 of the Spider Nest.
             The game lasted 02:55:46 (30659 turns).

xeno23 the Scorcher (Deep Elf Fire Elementalist)   Turns: 30659, Time: 02:55:46

Health: -4/103     AC: 10    Str:  9    XL:     16   Next: 31%
Magic:  35/35      EV: 16    Int: 40    God:    Vehumet [******]
Gold:   527        SH:  0    Dex: 15    Spells: 11 memorised, 3 levels left

rFire  . . .     SeeInvis .     l - +2 trident (venom)
rCold  + . .     Gourm    .     T - +0 ring mail "Gileazai" {Str+4 Int+8}
rNeg   . . .     Faith    .     h - +0 buckler
rPois  +         Spirit   .     d - +1 helmet
rElec  .         Reflect  .     X - +1 cloak {rC+}
rCorr  .         Harm     .     U - +0 pair of gloves
MR     ++...                    (no boots)
Stlth  ..........               s - amulet of regeneration
                                a - ring of Ircheb {+Fly rPois MR+}
                                E - +4 ring of intelligence

@: confused, delayed fireball, repel missiles
A: blink, wild magic 2
a: Blink, Renounce Religion, Release Delayed Fireball, Evoke Flight


You were on level 1 of the Spider Nest.
You worshipped Vehumet.
Vehumet was exalted by your worship.
You were not hungry.

You visited 5 branches of the dungeon, and saw 25 of its levels.
You also visited: Ice Cave.

You collected 2021 gold pieces.
You spent 1494 gold pieces at shops.

Inventory:

Hand Weapons
 l - a +2 trident of venom (weapon)
 z - a +0 dagger of electrocution
Missiles
 f - 4 javelins (quivered)
Armour
 d - a +1 helmet (worn)
 h - a +0 buckler (worn)
 T - the +0 ring mail "Gileazai" (worn) {Str+4 Int+8}
   (You found it on level 15 of the Dungeon)

   It affects your strength (+4).
   It affects your intelligence (+8).
 U - a +0 pair of gloves (worn)
 X - a +1 cloak of cold resistance (worn)
Jewellery
 a - the ring of Ircheb (right hand) {+Fly rPois MR+}
   (You found it on level 6 of the Lair of Beasts)

   [ring of flight]

   It protects you from poison.
   It affects your resistance to hostile enchantments.
   It lets you fly.
 n - an uncursed ring of protection from fire
 s - an amulet of regeneration (around neck)
 E - a +4 ring of intelligence (left hand)
 K - the ring of Fixation {+Fly rElec EV-3}
   (You found it on level 6 of the Lair of Beasts)

   [ring of evasion]

   It affects your evasion (-3).
   It insulates you from electricity.
   It lets you fly.
Wands
 b - a wand of iceblast (11/15)
 g - a wand of iceblast (4/15)
 o - a wand of disintegration (19/24)
 p - a wand of hasting (3/9)
 q - a wand of iceblast (4/15)
 y - a wand of digging (6/24)
 A - a wand of teleportation (5/9)
 C - a wand of iceblast (5/15)
 O - a wand of enslavement (5/24)
 S - a wand of acid (4/15)
 W - a wand of teleportation (7/9)
 Z - a wand of paralysis (5/24)
Scrolls
 e - 3 scrolls of fog
 k - 2 scrolls of identify
 w - 6 scrolls of recharging
 B - 2 scrolls of enchant weapon
 G - 2 scrolls of magic mapping
 I - 6 scrolls of teleportation
 M - 4 scrolls of remove curse
 N - a scroll of blinking
Potions
 j - 5 potions of agility
 r - 7 potions of curing
 v - 2 potions of ambrosia
 x - 4 potions of brilliance
 D - 3 potions of might
 J - 4 potions of heal wounds
Books
 m - a book of Power

   Spells                             Type                      Level
   a - Fulminant Prism                Conjuration/Hexes            4
   b - Iskenderun's Mystic Blast      Conjuration                  4
   c - Venom Bolt                     Conjuration/Poison           5
   d - Bolt of Magma                  Conjuration/Fire/Earth       5
   e - Iron Shot                      Conjuration/Earth            6
   f - Orb of Destruction             Conjuration                  7
   g - Spellforged Servitor           Conjuration/Summoning        7
Comestibles
 c - 15 bread rations
 i - 2 slices of pizza
 t - 6 meat rations
 u - 11 beef jerkies
 F - 8 fruits


   Skills:
 * Level 12.4 Fighting
 + Level 10.7 Dodging
 - Level 2.4 Stealth
 - Level 4.0 Shields
 + Level 13.2 Spellcasting
 * Level 16.1 Conjurations
 * Level 16.4 Fire Magic


You had 3 spell levels left.
You knew the following spells:

 Your Spells              Type           Power        Failure   Level  Hunger
a - Shock                 Conj/Air       ####         1%          1    None
b - Deflect Missiles      Chrm/Air       #####.....   100%        6    #......
c - Bolt of Cold          Conj/Ice       #######...   12%         6    #......
f - Delayed Fireball      Conj/Fire      N/A          3%          7    ####...
g - Blink                 Tloc           N/A          17%         2    None
h - Swiftness             Chrm/Air       #####...     17%         2    None
q - Fireball              Conj/Fire      ########..   1%          5    None
r - Repel Missiles        Chrm/Air       #####.       17%         2    None
s - Sticky Flame          Conj/Fire      ########     1%          4    None
t - Passwall              Tmut/Erth      #####.....   17%         2    None
w - Bolt of Fire          Conj/Fire      ########..   1%          6    #......


Dungeon Overview and Level Annotations

Branches:
Dungeon (15/15)            Temple (1/1) D:6            Lair (6/6) D:11
 Shoals (0/4) Lair:4       Spider (1/4) Lair:2        Slime (0/5) Lair:5
    Orc (2/2) D:11            Elf (0/3) Orc:2        Vaults (0/5) D:13
 Depths (0/5) D:15

Altars:
Ashenzari
Cheibriados
Dithmenos
Elyvilon
Fedhas
Gozag
Hepliaklqana
Kikubaaqudgha
Makhleb
Nemelex Xobeh
Okawaru
Qazlal
Ru
Sif Muna
Trog
Uskayaw
Vehumet
Xom
Yredelemnul
Zin
The Shining One
Beogh

Shops:
D:12 :   D:13 :   Orc:2 *([(

Annotations:
Lair:2 exclusion: upstairs


Innate Abilities, Weirdness & Mutations

You can translocate small distances at will.
Your spells are harder to cast, but more powerful.


Message History

The wolf spider bites you.
A wolf spider comes into view.
There is a crawl-hole back to the Lair, spattered with blood here.
You take 26 damage.
The demonic crawler gives a hideous shriek!
The jumping spider leaps!
The tarantella bites you! The redback bites you! The wolf spider hits you!
The wolf spider misses you.
The jumping spider leaps!
The tarantella closely misses you.
In your confused state, you trip and fall back down the stairs.
The redback bites you!
* * * LOW HITPOINT WARNING * * *
The jumping spider leaps!
The wolf spider hits you!
* * * LOW HITPOINT WARNING * * *
The wolf spider bites you.
* * * LOW HITPOINT WARNING * * *
The jumping spider leaps!
The tarantella completely misses you. The redback bites you!
* * * LOW HITPOINT WARNING * * *
The tarantella completely misses you. The wolf spider hits you.
You die...

†.....^...}...†
...†..s......§.
........s......
....s......§..≈
...........§...
......†..../...
........s......
.(.s.ss@s...%..
......s.s..#...
.s...s.........
...............
..............#
#............^.
.......#.......
....... (......


You could see a demonic crawler, 2 wolf spiders, 3 jumping spiders, 3
tarantellas and 3 redbacks.

Vanquished Creatures
  Rupert (Lair:6)
  Agnes (D:14)
  Donald (Orc:2)
  2 orc warlords
  A dire elephant (Lair:4)
  Josephine (D:10)
  An ettin (D:15)
  A catoblepas (Lair:6)
  8 hydras
  7 centaur warriors
  4 vault guards (D:13)
  3 ogre magi (D:15)
  A deep troll shaman (Lair:6)
  3 death yaks (Lair:6)
  A deep elf knight (D:15)
  Nergalle (Lair:1)
  2 fire crabs
  3 unseen horrors
  8 hill giants
  A lindwurm (shapeshifter) (D:15)
  Pikel (D:4)
  3 lindwurms
  4 orc knights
  A necromancer (IceCv)
  2 orb spiders (Spider:1)
  9 ugly things
  A wolf spider zombie (D:13)
  2 wolf spiders (Spider:1)
  2 oklob plants
  4 orc sorcerers
  4 cyclopes
  28 elephants
  6 black mambas
  19 spiny frogs
  An ice statue (IceCv)
  3 gargoyles
  4 rime drakes
  11 freezing wraiths
  10 komodo dragons
  2 kobold demonologists
  3 demonic crawlers
  A tengu conjurer (D:15)
  7 jumping spiders
  2 hornets
  3 polar bears (Lair:6)
  5 trolls
  6 two-headed ogres
  A hornet (shapeshifter) (D:15)
  3 slime creatures (D:13)
  11 blink frogs
  16 hippogriffs
  Sigmund (D:2)
  2 vampires
  3 wyverns
  2 redbacks (Spider:1)
  A spriggan (shapeshifter) (D:15)
  58 yaks
  A spriggan (Lair:4)
  2 basilisks
  8 wraiths
  2 hungry ghosts
  A human (D:13)
  3 vampire mosquitoes
  Edmund (D:5)
  A death yak simulacrum (IceCv)
  7 wargs
  11 water moccasins
  2 soldier ants
  13 porcupines
  7 sky beasts
  2 slaves
  33 orc warriors
  3 phantoms
  11 ice beasts
  A necrophage (D:8)
  2 black bears
  5 boggarts (D:15)
  16 centaurs
  22 ogres
  20 wolves
  11 crocodiles
  3 big kobolds
  12 bullfrogs
  A gnoll sergeant (D:9)
  A water moccasin zombie (D:8)
  A wyvern zombie (D:13)
  2 wyvern skeletons
  4 scorpions
  12 killer bees
  3 wights (D:10)
  7 howler monkeys
  4 bullfrog zombies
  7 crimson imps
  3 centaur zombies
  3 draconian simulacra (IceCv)
  5 hounds
  2 quasits
  2 jellies (D:15)
  10 centaur skeletons
  A gnoll shaman (D:7)
  31 orc priests
  28 orc wizards
  Jessica (D:2)
  3 iguanas
  10 worker ants
  3 troll simulacra (IceCv)
  3 polar bear simulacra (IceCv)
  2 spriggan simulacra (IceCv)
  5 centaur simulacra
  A hound zombie (D:10)
  A hound skeleton (D:4)
  3 worker ant zombies
  Robin (D:3)
  8 adders
  12 gnolls
  6 naga simulacra (IceCv)
  2 ogre simulacra (IceCv)
  4 shadow imps
  12 white imps (IceCv)
  An ooze (D:5)
  An adder zombie (D:9)
  2 adder skeletons
  4 worms (D:2)
  A dart slug (D:4)
  7 leopard geckos
  104 orcs
  5 bats
  9 giant cockroaches
  9 goblins
  13 hobgoblins
  3 jackals (D:9)
  21 kobolds
  4 quokkas
  A ball python (D:7)
  7 frilled lizards
  2 leopard gecko skeletons
  A quokka zombie (D:10)
  9 rats
  A bush (Lair:4)
  4 fungi (Lair:6)
  7 plants
913 creatures vanquished.

Vanquished Creatures (collateral kills)
  A hippogriff (Lair:5)
1 creature vanquished.

Vanquished Creatures (others)
  49 fungi
  10 plants
59 creatures vanquished.

Grand Total: 973 creatures vanquished

Notes
Turn   | Place    | Note
-------+----------+-------------------------------------------
     0 | D:1      | xeno23 the Deep Elf Fire Elementalist began the quest for the Orb.
     0 | D:1      | Reached XP level 1. HP: 10/10 MP: 6/6
   310 | D:1      | Reached XP level 2. HP: 15/15 MP: 4/8
   678 | D:1      | Reached XP level 3. HP: 19/19 MP: 8/10
   688 | D:1      | Learned a level 3 spell: Conjure Flame
   974 | D:2      | You fall through a shaft!
  1005 | D:2      | Noticed Robin
  1056 | D:3      | Killed Robin
  1365 | D:2      | Reached XP level 4. HP: 17/24 MP: 2/11
  1366 | D:2      | Noticed Jessica
  1446 | D:2      | Killed Jessica
  1470 | D:2      | Learned a level 4 spell: Sticky Flame
  1528 | D:2      | Found a blossoming altar of Fedhas.
  1753 | D:2      | Noticed Sigmund
  2101 | D:3      | Reached XP level 5. HP: 25/28 MP: 8/13
  2261 | D:4      | Noticed a slave
  2262 | D:4      | Noticed Pikel
  2262 | D:4      | Noticed a slave
  2262 | D:4      | Noticed a slave
  2263 | D:4      | Noticed a slave
  2369 | D:3      | Killed a slave
  2566 | D:4      | Noticed an ogre
  2579 | D:4      | Killed an ogre
  2579 | D:4      | Reached skill level 1 in Fighting
  2780 | D:4      | Reached XP level 6. HP: 34/34 MP: 10/15
  3032 | D:4      | Killed a slave
  3057 | D:4      | Killed Pikel
  3057 | D:4      | Reached skill level 5 in Conjurations
  3057 | D:4      | Reached XP level 7. HP: 41/41 MP: 0/16
  3479 | D:2      | Killed Sigmund
  3760 | D:5      | Entered Level 5 of the Dungeon
  3817 | D:5      | Noticed Edmund
  3849 | D:5      | Reached XP level 8. HP: 45/46 MP: 17/17
  3902 | D:5      | Learned a level 5 spell: Fireball
  3933 | D:5      | Killed Edmund
  4056 | D:5      | Found a hide-covered altar of Uskayaw.
  4147 | D:5      | Found a bloodstained altar of Trog.
  4946 | D:6      | Found a staircase to the Ecumenical Temple.
  5006 | Temple   | Entered the Ecumenical Temple
  5171 | Temple   | Became a worshipper of Vehumet
  6001 | D:6      | Got a heavily runed jade amulet
  6004 | D:6      | Identified the amulet "Untes" {Spirit Slay+3 Stlth+} (You took it off an orc on level 6 of the Dungeon)
  6360 | D:6      | Reached skill level 5 in Fighting
  6360 | D:6      | Reached XP level 9. HP: 49/54 MP: 11/18
  6861 | D:7      | Reached * piety under Vehumet
  6861 | D:7      | Offered knowledge of Shock by Vehumet.
  6866 | D:7      | Learned a level 1 spell: Shock
  7719 | D:8      | Found a stormy altar of Qazlal.
  8565 | D:9      | Found a burning altar of Makhleb.
  8605 | D:9      | Found an ancient bone altar of Kikubaaqudgha.
  8639 | D:9      | Reached skill level 5 in Spellcasting
  8647 | D:9      | Reached ** piety under Vehumet
  8647 | D:9      | Offered knowledge of Sandblast by Vehumet.
  8855 | D:8      | Reached XP level 10. HP: 34/61 MP: 0/19
  9630 | D:9      | Offered knowledge of Throw Frost by Vehumet.
  9709 | D:9      | Reached skill level 10 in Fire Magic
  9934 | D:9      | Reached *** piety under Vehumet
  9938 | D:9      | Reached skill level 10 in Conjurations
 10183 | D:10     | Entered Level 10 of the Dungeon
 10400 | D:10     | Noticed Josephine
 10433 | D:10     | Noticed a hill giant
 10485 | D:9      | Killed a hill giant
 10485 | D:9      | Reached XP level 11. HP: 29/67 MP: 4/23
 10489 | D:9      | Offered knowledge of Throw Icicle by Vehumet.
 10987 | D:10     | Noticed a hill giant
 10991 | D:10     | Killed a hill giant
 11341 | D:10     | Reached **** piety under Vehumet
 11341 | D:10     | Killed Josephine
 11665 | D:11     | Noticed a red ugly thing
 11699 | D:11     | Killed a red ugly thing
 12012 | D:11     | Offered knowledge of Venom Bolt by Vehumet.
 12087 | D:11     | Found a staircase to the Orcish Mines.
 12138 | D:11     | Noticed a hill giant
 12154 | D:11     | Killed a hill giant
 12329 | D:11     | Found a roughly hewn altar of Beogh.
 12578 | D:11     | Found a staircase to the Lair.
 13247 | Lair:1   | Entered Level 1 of the Lair of Beasts
 13298 | Lair:1   | Reached XP level 12. HP: 68/75 MP: 11/26
 13302 | Lair:1   | Reached ***** piety under Vehumet
 13320 | Lair:1   | Noticed Nergalle
 13510 | Lair:1   | Killed Nergalle
 13513 | Lair:1   | Noticed an eight-headed hydra
 13627 | Lair:2   | Offered knowledge of Force Lance by Vehumet.
 13688 | Lair:2   | Reached skill level 5 in Dodging
 13782 | Lair:2   | Noticed a seven-headed hydra
 13835 | Lair:2   | Found a hole to the Spider Nest.
 14709 | Lair:3   | Noticed a five-headed hydra
 15043 | Lair:3   | Killed a five-headed hydra
 15073 | Lair:3   | Noticed a seven-headed hydra
 15187 | Lair:3   | Killed a seven-headed hydra
 15690 | Lair:4   | Noticed an eight-headed hydra
 16001 | Lair:4   | Killed an eight-headed hydra
 16199 | Lair:4   | Found a staircase to the Shoals.
 16220 | Lair:4   | Reached skill level 10 in Spellcasting
 16385 | Lair:4   | Reached XP level 13. HP: 56/81 MP: 15/29
 16873 | Lair:4   | Gained mutation: Your spells are a little harder to cast, but a little more powerful. [potion of mutation]
 16873 | Lair:4   | Gained mutation: You can translocate small distances at will. [potion of mutation]
 16873 | Lair:4   | Gained mutation: Your spells are harder to cast, but more powerful. [potion of mutation]
 17095 | Lair:4   | Noticed a dire elephant
 17111 | Lair:4   | Killed a dire elephant
 17124 | Lair:4   | Reached skill level 10 in Fighting
 18264 | Lair:5   | Found a frozen archway.
 18278 | Lair:5   | Learned a level 2 spell: Passwall
 18285 | Lair:5   | Learned a level 6 spell: Deflect Missiles
 18287 | IceCv    | Entered an ice cave
 18590 | IceCv    | Found an ancient bone altar of Kikubaaqudgha.
 18715 | IceCv    | Offered knowledge of Bolt of Fire by Vehumet.
 18725 | IceCv    | Learned a level 6 spell: Bolt of Fire
 19459 | Lair:5   | Found a staircase to the Slime Pits.
 19845 | Lair:6   | Entered Level 6 of the Lair of Beasts
 19851 | Lair:6   | Reached XP level 14. HP: 88/88 MP: 9/31
 20170 | Lair:6   | Got a clouded lead ring
 20197 | Lair:6   | Noticed Rupert
 20202 | Lair:6   | Killed Rupert
 20205 | Lair:6   | Identified the cursed ring of Fixation {+Fly rElec EV-3} (You found it on level 6 of the Lair of Beasts)
 20914 | Lair:6   | Offered knowledge of Delayed Fireball by Vehumet.
 21477 | Lair:6   | Got a twitching bronze ring
 21479 | Lair:6   | Identified the ring of Ircheb {+Fly rPois MR+} (You found it on level 6 of the Lair of Beasts)
 22404 | Lair:2   | Reached skill level 15 in Fire Magic
 22581 | Lair:2   | best book in da game
 22589 | Lair:2   | Learned a level 2 spell: Blink
 22592 | Lair:2   | Learned a level 2 spell: Repel Missiles
 22600 | Lair:2   | Learned a level 7 spell: Delayed Fireball
 23870 | Orc:1    | Entered Level 1 of the Orcish Mines
 23919 | Orc:1    | Offered knowledge of Conjure Ball Lightning by Vehumet.
 23965 | Orc:1    | Reached skill level 15 in Conjurations
 24216 | Orc:2    | Entered Level 2 of the Orcish Mines
 24259 | Orc:2    | Noticed Donald
 24262 | Orc:2    | Killed Donald
 24262 | Orc:2    | Reached XP level 15. HP: 95/95 MP: 17/33
 24508 | Orc:2    | Found a roughly hewn altar of Beogh.
 24571 | Orc:2    | Found a staircase to the Elven Halls.
 24573 | Orc:2    | Found a roughly hewn altar of Beogh.
 24607 | Orc:2    | Reached skill level 1 in Shields
 24740 | Orc:2    | Found a roughly hewn altar of Beogh.
 24743 | Orc:2    | Found Qiosyu's General Store.
 24776 | Orc:2    | Bought 2 scrolls of identify for 56 gold pieces
 24776 | Orc:2    | Bought an uncursed amulet of regeneration for 420 gold pieces
 24909 | Orc:2    | Found a roughly hewn altar of Beogh.
 25036 | Orc:2    | Noticed an orc warlord
 25070 | Orc:2    | Killed an orc warlord
 25132 | Orc:2    | Found Mazapred's Antique Weapon Shoppe.
 25133 | Orc:2    | Found a roughly hewn altar of Beogh.
 25136 | Orc:2    | Found Atzep's Antique Armour Emporium.
 25178 | Orc:2    | Bought a distressingly furry robe for 136 gold pieces
 25178 | Orc:2    | Bought an embroidered cloak for 252 gold pieces
 25190 | Orc:2    | Identified the cursed +1 robe "Otwul" {Str+3 Dex+4} (You bought it in a shop on level 2 of the Orcish Mines)
 25360 | Orc:2    | Found a roughly hewn altar of Beogh.
 25384 | Orc:2    | Found Dotav's Antique Weapon Boutique.
 25700 | Orc:1    | Noticed an orc warlord
 25702 | Orc:1    | Reached ****** piety under Vehumet
 25703 | Orc:1    | Offered knowledge of Bolt of Cold by Vehumet.
 25704 | Orc:1    | Killed an orc warlord
 26560 | D:12     | Found Dunext's Book Boutique.
 26965 | D:13     | Learned a level 6 spell: Bolt of Cold
 27390 | D:13     | Reached skill level 10 in Dodging
 27468 | D:13     | Found a gate to the Vaults.
 27695 | D:13     | Found Biub's Book Shop.
 28009 | D:14     | Offered knowledge of Ozocubu's Refrigeration by Vehumet.
 28042 | D:14     | Noticed Agnes
 28046 | D:14     | Killed Agnes
 28891 | D:15     | Entered Level 15 of the Dungeon
 29453 | D:15     | Reached XP level 16. HP: 101/101 MP: 28/35
 29767 | D:15     | Got a bronze ring mail
 29778 | D:15     | Identified the +0 ring mail "Gileazai" {Str+4 Int+8} (You found it on level 15 of the Dungeon)
 30004 | D:15     | Found a staircase to the Depths.
 30199 | D:13     | Bought a book of Power for 630 gold pieces
 30287 | Lair:1   | Learned a level 2 spell: Swiftness
 30333 | Spider:1 | Entered Level 1 of the Spider Nest
 30343 | Spider:1 | Offered knowledge of Poisonous Cloud by Vehumet.
 30659 | Spider:1 | HP: 2/103 [redback (8)]
 30659 | Spider:1 | Slain by a wolf spider

Skill      XL: |  1  2  3  4  5  6  7  8  9 10 11 12 13 14 15 16 |
---------------+-------------------------------------------------+-----
Conjurations   | 2 3 4 5 6 7 9 10 11 12 14 15 16 | 16.1
Fire Magic     | 4 6 8 9 10 12 13 14 15 16 | 16.4
Spellcasting   | 4 5 7 8 10 11 12 13 | 13.2
Fighting       | 1 3 5 6 7 8 9 10 11 12 | 12.4
Dodging        | 4 6 8 9 10 | 10.7
Shields        | 4 |  4.0
Stealth        | |  2.4

Action                   |  1- 3 |  4- 6 |  7- 9 | 10-12 | 13-15 | 16-18 || total
-------------------------+-------+-------+-------+-------+-------+-------++-------
Melee: Unarmed           |     6 |       |       |       |       |       ||     6
       Spear             |    11 |    13 |     6 |   137 |       |       ||   167
       Scythe            |       |       |   372 |       |       |       ||   372
       Flail             |       |       |    21 |       |       |       ||    21
       Trident           |       |       |    15 |   132 |   466 |    20 ||   633
Throw: Javelin           |       |       |     4 |       |       |       ||     4
 Cast: Flame Tongue      |    75 |   104 |   193 |   141 |     2 |       ||   515
       Conjure Flame     |     1 |     5 |     8 |    11 |     1 |       ||    26
       Sticky Flame      |       |       |    17 |    65 |    75 |     4 ||   161
       Fireball          |       |       |    12 |    87 |   147 |    14 ||   260
       Shock             |       |       |       |     4 |     4 |       ||     8
       Bolt of Fire      |       |       |       |       |   155 |    28 ||   183
       Repel Missiles    |       |       |       |       |     1 |     1 ||     2
       Delayed Fireball  |       |       |       |       |     1 |       ||     1
       Swiftness         |       |       |       |       |       |     1 ||     1
Evoke: Wand              |       |       |       |       |     5 |     2 ||     7
  Use: Scroll            |       |     1 |    13 |     3 |    23 |     3 ||    43
       Potion            |       |       |       |       |     1 |       ||     1
 Stab: Sleeping          |     2 |       |     3 |     5 |     9 |       ||    19
       Distracted        |       |       |     2 |       |     2 |       ||     4
  Eat: Chunk             |     1 |     5 |    23 |    32 |    64 |     4 ||   129
       Pizza             |       |       |     2 |       |     1 |     1 ||     4
       Beef jerky        |       |       |       |     1 |       |       ||     1
       Meat ration       |       |       |       |     1 |     2 |       ||     3
       Bread ration      |       |       |       |     1 |       |       ||     1
Armor: Robe              |    11 |     7 |   220 |    99 |   135 |     2 ||   474
       Ring mail         |       |       |       |       |       |    21 ||    21
Dodge: Dodged            |    29 |    25 |   353 |   257 |   455 |    60 ||  1179
       Deflected         |       |       |       |       |     7 |     2 ||     9
Block: Buckler           |       |       |       |       |    91 |    15 ||   106
